Map: Acropolis LE

Players

LiquidMaNa (MaNa)

  • Race: Protoss Protoss
  • League: Grandmaster
  • Spawn Location: 11:00

GOReynor (Reynor) - Winner!

  • Race: Zerg Zerg
  • League: Master
  • Spawn Location: 5:00

Event: HomeStory Cup XX

VOD

Have the link to the VOD?

Description

Time

  • Played on: Nov. 21, 2019, 1:41 p.m.
  • Length: 17:03

All games in this series

Show
View Real Time Build Order
Export as new Build Order

LiquidMaNa Protoss 

Build Orders: 1 Gate Expand, Oracle Opening 

Get SALT Encoding   

  12  0:00  Probe  
  13  0:12  Probe  
  14  0:18  Pylon  
  14  0:24  Probe  
  15  0:34  Probe  
  15  0:38  Gateway  
  15  0:42  Probe  
  16  0:48  Assimilator  
  17  0:51  Probe  
  18  1:03  Probe  
  19  1:11  Pylon  
  19  1:15  Probe  
  20  1:31  Nexus  
  20  1:36  Cybernetics Core  
  20  1:39  Probe  
  21  1:46  Assimilator  
  21  1:51  Probe  
  22  1:55  Pylon  
  22  2:03  Probe  
  23  2:12  Stalker  
  23  2:14  Stargate  
  23  2:15  Probe  
  26  2:27  Probe  
  27  2:31  Warp Gate  
  26  2:38  Probe  
  26  2:41  Probe  
  26  2:42  Adept  
  30  2:46  Probe  
  30  2:49  Probe  
  31  2:54  Oracle, Probe  
  31  2:58  Probe  
  37  3:06  Probe  
  37  3:10  Probe  
  39  3:18  Probe  
  39  3:19  Gateway  
  40  3:22  Probe  
  41  3:30  Probe  
  41  3:31  Oracle  
  45  3:34  Probe  
  46  3:46  Pylon  
  46  3:52  Nexus  
  46  3:58  Robotics Facility  
  46  4:01  Pylon  
  46  4:04  Probe x2  
  48  4:12  Assimilator  
  48  4:14  Assimilator  
  48  4:16  Probe x2  
  50  4:19  Sentry  
  50  4:20  Gateway  
  52  4:26  Pylon  
  52  4:28  Probe x2  
  52  4:30  Pylon  
  54  4:33  Sentry  
  54  4:35  Immortal  
  56  4:40  Probe x2  
  62  4:52  Probe x2  
  64  4:54  Zealot  
  66  5:04  Probe x2  
  66  5:05  Zealot  
  66  5:06  Probe  
  71  5:09  Observer  
  71  5:11  Phoenix  
  73  5:16  Probe x2  
  73  5:18  Probe  
  73  5:20  Zealot  
  79  5:22  Warp Prism  
  79  5:25  Forge  
  79  5:28  Probe, Twilight Council  
  79  5:29  Probe  
  79  5:30  Probe  
  84  5:36  Sentry, Zealot  
  84  5:41  Probe x2  
  90  5:43  Probe  
  90  5:49  Assimilator, Zealot  
  93  5:50  Assimilator  
  93  5:55  Protoss Ground Weapons Level 1  
  93  6:00  Charge, Gateway x2  
  93  6:03  Pylon  
  93  6:15  Probe  
  92  6:22  Observer, Zealot x3  
  92  6:24  Probe x2  
  100  6:30  Robotics Bay  
  100  6:33  Probe  
  101  6:42  Gateway  
  101  6:43  Gateway  
  101  6:47  Gateway x2  
  101  6:49  Pylon  
  101  6:50  Pylon  
  101  6:52  Pylon  
  101  6:55  Pylon  
  101  6:57  Pylon  
  101  7:00  Colossus  
  101  7:04  Probe  
  101  7:08  Pylon x2  
  100  7:12  Probe  
  105  7:23  Zealot x5  
  105  7:25  Probe, Templar Archives  
  116  7:40  Pylon  
  116  7:44  Zealot x3  
  116  7:45  Zealot x6  
  116  7:48  Probe x2  
  136  7:55  Colossus  
  136  7:56  Pylon  
  136  7:57  Pylon  
  142  8:02  Photon Cannon  
  142  8:06  High Templar x6  
  142  8:08  High Templar x2  
  142  8:11  Archon x2  
  142  8:12  Archon x2  
  156  8:13  Protoss Ground Weapons Level 2  
  152  8:26  Pylon  
  152  8:38  Zealot x4  
  152  8:39  Zealot x3  
  166  8:47  Zealot x2  
  116  9:04  High Templar x3  
  116  9:05  High Templar x2, Zealot x2  
  116  9:09  Archon x2  
  126  9:10  High Templar, Zealot  
  126  9:15  Archon  
  122  9:20  Observer  
  123  9:29  Zealot x4  
  128  9:32  Nexus  
  128  9:34  Pylon, Immortal  
  128  9:38  Zealot  
  132  9:47  Probe x3  
  132  9:51  High Templar x4  
  132  9:52  Zealot x4  
  141  9:56  Archon x2  
  141  9:59  Robotics Facility  
  141  10:06  Zealot  
  137  10:12  Observer  
  137  10:14  Oracle  
  140  10:21  Zealot x4  
  140  10:24  Zealot x3  
  140  10:25  Zealot  
  140  10:27  Immortal  
  111  10:46  Zealot x9  
  125  10:58  Nexus  
  125  11:02  Immortal  
  129  11:05  Observer  
  129  11:10  High Templar x2  
  129  11:11  High Templar x2  
  138  11:12  Extended Thermal Lance  
  138  11:15  Archon x2  
  138  11:21  Probe x3  
  138  11:24  Assimilator  
  141  11:26  High Templar x2  
  141  11:28  Assimilator  
  145  11:33  Probe  
  145  11:35  High Templar  
  148  11:40  Psionic Storm  
  148  11:54  Stalker x2  
  148  11:58  Probe x3  
  155  12:01  Pylon  
  155  12:07  High Templar  
  155  12:18  Probe x2  
  157  12:23  Zealot x8  
  157  12:27  Colossus  
  157  12:28  Immortal  
  183  12:31  Fleet Beacon  
  183  12:37  Protoss Air Weapons Level 1  
  183  12:42  Stargate  
  179  13:04  Tempest  
  179  13:09  Pylon, Stargate, Nexus  
  179  13:18  Disruptor  
  187  13:20  Disruptor  
  187  13:26  Tempest  
  193  13:28  Zealot x3  
  193  13:32  Photon Cannon  
  193  13:34  Photon Cannon  
  199  13:36  Shield Battery  
  193  13:48  Zealot  
  193  13:49  Zealot x2  
  193  13:54  Observer  
  198  14:01  Observer  
  171  14:12  Tempest x2  
  171  14:16  Observer, Zealot x8  
  184  14:35  Zealot  
  176  14:45  Nexus  
  172  14:46  Zealot x6  
  172  14:47  Tempest x2  
  167  15:21  Zealot x5  
  172  15:31  Tempest  
  172  15:33  Zealot  
  172  15:35  Tempest  
  166  15:46  Gateway  
  166  15:47  Gateway  
  166  15:49  Gateway  
  166  15:50  Gateway  
  166  15:53  Gateway  
  140  16:13  Disruptor x2  
  108  16:28  Zealot x3  
  113  16:38  Archon  
  110  16:52  Zealot x8  
  126  16:56  Nexus  
Show
View Real Time Build Order
Export as new Build Order

GOReynor Zerg - Winner!

Build Orders: Hatch First, Lurkers 

Get SALT Encoding   

  12  0:00  Drone  
  13  0:12  Overlord  
  13  0:16  Drone  
  14  0:30  Drone x2  
  16  0:47  Hatchery  
  15  0:50  Drone  
  15  0:54  Drone  
  18  0:57  Drone  
  18  1:07  Extractor  
  17  1:14  Spawning Pool  
  17  1:16  Drone  
  17  1:19  Drone  
  18  1:27  Drone  
  19  1:38  Drone  
  20  1:49  Overlord  
  20  2:01  Zergling x4, Queen x2  
  26  2:10  Drone  
  26  2:11  Drone  
  28  2:21  Drone  
  29  2:23  Drone  
  30  2:31  Drone x2  
  30  2:36  Hatchery  
  31  2:42  Pneumatized Carapace  
  31  2:46  Overlord  
  31  2:49  Drone  
  32  2:52  Drone  
  32  2:54  Drone  
  34  3:02  Queen  
  36  3:05  Drone x2  
  36  3:10  Overlord  
  38  3:13  Drone  
  38  3:15  Drone x2  
  38  3:18  Zergling x2  
  42  3:25  Drone  
  42  3:26  Metabolic Boost  
  43  3:30  Zergling x2  
  43  3:32  Queen  
  46  3:36  Drone  
  46  3:39  Drone  
  48  3:43  Overlord  
  48  3:44  Drone  
  48  3:45  Drone  
  50  3:51  Overlord  
  50  4:01  Overlord  
  50  4:03  Queen  
  50  4:05  Zergling x8, Roach Warren  
  55  4:10  Spore Crawler, Drone x2  
  55  4:14  Drone x2  
  55  4:15  Drone  
  59  4:18  Drone  
  59  4:21  Lair, Drone  
  59  4:22  Drone  
  63  4:25  Drone x2  
  63  4:27  Drone  
  63  4:31  Spore Crawler  
  65  4:37  Overlord  
  65  4:38  Drone x3  
  68  4:41  Queen  
  70  4:45  Drone  
  70  4:46  Drone x2  
  70  4:47  Extractor  
  70  4:48  Extractor  
  70  4:50  Drone x3  
  70  4:52  Overlord  
  74  4:57  Drone  
  75  5:01  Drone x3  
  75  5:04  Drone, Overlord  
  77  5:07  Drone  
  77  5:09  Drone x2  
  77  5:11  Drone  
  80  5:16  Drone x3  
  80  5:19  Evolution Chamber  
  82  5:21  Extractor, Hydralisk Den  
  82  5:22  Extractor, Drone x2  
  82  5:24  Overseer  
  81  5:29  Extractor  
  81  5:30  Spore Crawler, Drone x2  
  81  5:32  Drone  
  82  5:36  Hatchery  
  82  5:38  Drone  
  82  5:39  Drone x3  
  82  5:41  Overlord  
  85  5:44  Drone  
  85  5:50  Hydralisk x4  
  85  5:52  Grooved Spines  
  85  5:53  Zergling x6  
  96  6:00  Overlord  
  96  6:04  Infestation Pit, Hydralisk x2  
  99  6:13  Hydralisk  
  99  6:14  Zergling x8  
  99  6:17  Drone  
  104  6:24  Drone  
  104  6:25  Zerg Missile Weapons Level 1, Overlord  
  105  6:27  Overlord  
  104  6:33  Overseer, Drone  
  104  6:34  Overlord  
  105  6:40  Lurker Den  
  105  6:44  Hive, Overlord  
  105  6:45  Hydralisk x3  
  108  6:48  Drone x4  
  108  6:51  Drone x3  
  115  6:56  Drone x2  
  115  6:57  Hydralisk  
  115  6:58  Zergling x4  
  121  7:02  Overlord  
  121  7:04  Muscular Augments  
  120  7:09  Extractor, Spore Crawler  
  120  7:10  Spore Crawler  
  120  7:11  Drone x2  
  120  7:12  Hydralisk x2  
  120  7:13  Zergling x4  
  120  7:14  Extractor  
  124  7:19  Overlord  
  124  7:21  Drone x4  
  124  7:22  Drone  
  129  7:23  Hydralisk  
  129  7:24  Zergling x6  
  129  7:27  Overlord  
  129  7:29  Hydralisk x3  
  134  7:33  Overlord  
  134  7:36  Drone x2  
  141  7:40  Spore Crawler  
  141  7:42  Overlord  
  140  7:45  Spore Crawler, Drone x4  
  140  7:46  Drone  
  140  7:48  Lurker x2, Seismic Spines  
  140  7:49  Lurker  
  147  7:53  Drone x2  
  147  7:55  Overlord  
  148  8:03  Evolution Chamber  
  148  8:04  Lurker x2  
  148  8:05  Zergling x8  
  153  8:07  Overlord  
  153  8:10  Overseer  
  149  8:16  Lurker x2  
  149  8:17  Overseer, Hydralisk x2  
  149  8:18  Hatchery, Hydralisk x2  
  156  8:25  Lurker x2  
  158  8:27  Drone x3  
  158  8:30  Queen  
  158  8:32  Spore Crawler  
  158  8:34  Lurker x2  
  164  8:36  Zergling x16  
  164  8:41  Zergling x8, Hydralisk  
  169  8:42  Zergling x2  
  169  8:44  Hydralisk  
  169  8:45  Zergling x4  
  169  8:46  Zergling x2  
  169  8:48  Zergling x4  
  160  8:51  Queen  
  151  8:55  Hydralisk x2  
  151  8:56  Zergling x2  
  151  8:57  Hydralisk  
  154  9:04  Lurker x3  
  154  9:05  Lurker, Hydralisk  
  154  9:06  Zergling x6  
  162  9:12  Lurker x2  
  161  9:19  Hydralisk  
  161  9:20  Zergling x10  
  161  9:21  Queen  
  170  9:24  Hatchery  
  170  9:25  Lurker  
  170  9:31  Drone  
  170  9:32  Drone, Hydralisk x2  
  170  9:33  Zergling x2  
  170  9:36  Hydralisk x2  
  170  9:37  Zergling x6  
  183  9:46  Queen, Adaptive Talons  
  183  9:48  Overlord  
  180  9:58  Extractor, Hydralisk x2  
  182  10:00  Overlord  
  182  10:05  Zergling x12  
  182  10:07  Hatchery  
  182  10:09  Spire x2  
  182  10:10  Evolution Chamber  
  182  10:12  Hydralisk x3  
  182  10:13  Zergling x4  
  182  10:17  Hydralisk x2  
  182  10:18  Zergling x2  
  184  10:26  Drone x3  
  184  10:27  Drone  
  188  10:28  Hydralisk x2  
  188  10:29  Hydralisk  
  188  10:31  Zergling x2, Hydralisk  
  188  10:32  Zergling x2  
  177  10:36  Hydralisk  
  177  10:40  Zerg Ground Armor Level 1  
  177  10:41  Zerg Missile Weapons Level 2  
  176  10:45  Drone x4  
  176  10:46  Drone x3  
  182  10:56  Extractor  
  181  10:59  Drone x4  
  181  11:00  Extractor, Drone x2  
  181  11:03  Lurker x2, Spore Crawler  
  181  11:04  Lurker x2  
  189  11:05  Spore Crawler x2  
  189  11:06  Spore Crawler  
  189  11:10  Queen  
  188  11:13  Spore Crawler, Drone x3  
  188  11:14  Spore Crawler x2  
  188  11:15  Spore Crawler x2, Drone x4  
  188  11:17  Drone x3  
  193  11:19  Lurker  
  193  11:20  Spore Crawler x3  
  193  11:21  Spore Crawler  
  193  11:22  Overlord  
  190  11:32  Viper x3  
  199  11:40  Spore Crawler  
  199  11:41  Spore Crawler  
  199  11:45  Spore Crawler  
  196  12:04  Zerg Flyer Weapons Level 1  
  196  12:05  Zerg Flyer Armor Level 1  
  196  12:06  Nydus Network  
  196  12:07  Nydus Network  
  191  12:25  Spore Crawler  
  190  12:35  Hatchery  
  190  12:36  Spine Crawler x2  
  187  12:41  Zerg Ground Armor Level 2  
  184  12:53  Corruptor x7  
  184  12:58  Overseer x2  
  198  13:02  Overseer  
  198  13:22  Zerg Missile Weapons Level 3  
  198  13:32  Corruptor  
  200  13:39  Nydus Canal x2  
  199  14:01  Overlord  
  198  14:09  Corruptor  
  192  14:10  Corruptor x2  
  192  14:15  Nydus Canal  
  192  14:16  Nydus Canal  
  198  14:25  Corruptor  
  198  14:36  Nydus Canal x2  
  192  14:38  Corruptor x4  
  192  14:39  Extractor  
  192  14:42  Extractor  
  198  15:09  Hydralisk  
  198  15:10  Zergling x8, Hydralisk x6  
  198  15:30  Hydralisk  
  198  15:31  Zergling x6  
  198  15:34  Zergling x2, Hydralisk  
  198  15:35  Zergling x20  
  192  15:45  Lurker x5  
  192  15:46  Lurker  
  198  15:56  Hydralisk x2  
  182  16:09  Hydralisk x16  
  182  16:10  Zergling x6  
  200  16:18  Hydralisk x6  
  198  16:32  Overlord  
  198  16:38  Zergling x2, Hydralisk  
  198  16:39  Zergling x6  
  200  16:45  Nydus Canal  
  200  16:47  Nydus Canal  
  196  17:03  Nydus Canal x2  
Tags
 
Add a new tag
Caveats
  • Supply blocks, unpowered buildings, or Contaminate may cause inaccurate times.
  • Supply counts are checked every 10 seconds.